 Dungeon Crawl Stone Soup version 0.30-a0-243-gaa749bd8e4 (webtiles) character file.

Game seed: 12349012413213028664

21 Essalna the Ruffian (level 2, 0/24 HPs)
             Began as a Draconian Transmuter on Oct 12, 2022.
             Slain by Natasha (4 damage)
             ... on level 2 of the Dungeon.
             The game lasted 00:01:06 (803 turns).

Essalna the Ruffian (Draconian Transmuter)           Turns: 803, Time: 00:01:06

Health: 0/24       AC:  4    Str: 12    XL:     2   Next: 65%
Magic:  3/5        EV:  9    Int: 13    God:
Gold:   19         SH:  0    Dex: 11    Spells: 4/5 levels left

rFire   . . .      SeeInvis .      - Unarmed
rCold   . . .      Faith    .    (no shield)
rNeg    . . .      Spirit   .    (body armour unavailable)
rPois   .          Reflect  .    (helmet currently unavailable)
rElec   .          Harm     .    (no cloak)
rCorr   .          Rampage  .    (no gloves)
Will    .....                    (boots currently unavailable)
Stlth   +.........               (no amulet)
HPRegen 0.24/turn                (no ring)
MPRegen 0.09/turn                (no ring)

@: appendages (expiring), very slightly contaminated, constricted
A: horns 2, talons 2, AC +4, unfitting armour, cold-blooded
a: End Transformation


You were on level 2 of the Dungeon.
You had temporarily grown beastly horns and talons.
You visited 1 branch of the dungeon, and saw 2 of its levels.

You collected 19 gold pieces.

Inventory:

Scrolls
 e - 2 scrolls of identify {unknown}
 h - a scroll of teleportation {unknown}
Potions
 a - a potion of lignification
 b - a potion of mutation {unknown}
 c - a potion of cancellation {unknown}
 d - 2 potions of curing {unknown}
 f - a potion of brilliance {unknown}
 g - a potion of resistance {unknown}
 i - a potion of might {unknown}


   Skills:
 + Level 1.9 Fighting
 - Level 1.7 Dodging
 + Level 3.3 Unarmed Combat
 - Level 2.0 Spellcasting
 + Level 2.4 Transmutations


You had 4 spell levels left.
You knew the following spells:

 Your Spells              Type           Power      Damage    Failure   Level
a - Beastly Appendage     Tmut           14%        N/A       10%         1

Your spell library contained the following spells:

 Spells                   Type           Power      Damage    Failure   Level
 Wereblood                Tmut           7%         N/A       14%         2
 Passwall                 Tmut/Erth      3%         N/A       24%         2
 Sandblast                Erth           2%         2d4       26%         1
 Spider Form              Tmut/Pois      4%         N/A       43%         3
 Stone Arrow              Conj/Erth      2%         3d7       58%         3
 Ice Form                 Ice/Tmut       4%         N/A       83%         4


Dungeon Overview and Level Annotations

Branches:
Dungeon (2/15)

Altars:

Annotations:
D:2 Natasha


Innate Abilities, Weirdness & Mutations

You have temporarily grown beastly horns and talons.
Your plain brown scales are hard. (AC +4)
You cannot fit into any form of body armour.
You are cold-blooded and may be slowed by cold attacks.


Message History

You see here a hobgoblin corpse.
You miscast Beastly Appendage.
You are very lightly contaminated with residual magic.
Nothing appears to happen.
The ball python barely misses you. The ball python grabs you.
The ball python constricts you. Natasha claws you!
You are too injured to fight recklessly!
You hit Natasha. You claw Natasha, but do no damage.
You tail-slap Natasha, but do no damage.
Natasha is lightly wounded.
The ball python bites you. The ball python constricts you. Natasha claws you.
The ball python bites you but does no damage.
The ball python constricts you.
* * * LOW HITPOINT WARNING * * *
You barely miss Natasha. You claw Natasha, but do no damage.
Natasha is lightly wounded.
Natasha misses you.
The ball python bites you but does no damage.
The ball python constricts you.
You hit Natasha. Your headbutt misses Natasha.
Natasha is moderately wounded.
Natasha claws you but does no damage. The ball python bites you.
* * * LOW HITPOINT WARNING * * *
The ball python constricts you.
* * * LOW HITPOINT WARNING * * *
You barely miss Natasha. Your kick misses Natasha. You headbutt Natasha!
Natasha is almost dead.
The ball python barely misses you. The ball python constricts you.
Natasha stares at you and mumbles some strange words.
You resist with significant effort.
You closely miss Natasha. Your kick misses Natasha.
Natasha is almost dead.
Your transformation is almost over.
The ball python completely misses you. The ball python constricts you.
Natasha closely misses you.
You hit Natasha but do no damage. Your headbutt misses Natasha.
Natasha is almost dead.
The ball python bites you.
* * * LOW HITPOINT WARNING * * *
The ball python constricts you. Natasha claws you.
You die...

...... #..### .......
...$.. ....... ......
....... #......
.......#.....
......5... ####..#hS#
#......@# ..###...##
##### #.#..# .....
#..#.### ......
##.#...#
......########..##..##
......)................
.........##.........###
......##..##........#


You could see an iron imp (summoned), Natasha and a ball python.

Vanquished Creatures
  A ball python (D:1)
  3 endoplasms
  3 hobgoblins
  2 jackals (D:1)
  A kobold (D:2)
  2 quokkas (D:1)
  2 bats (D:1)
  A frilled lizard (D:1)
  4 rats (D:1)
19 creatures vanquished.

Notes
Turn   | Place    | Note
-------+----------+-------------------------------------------
     0 | D:1      | Essalna the Draconian Transmuter began the quest for the
                  | Orb.
     0 | D:1      | Reached XP level 1. HP: 16/16 MP: 3/3
   188 | D:1      | Reached XP level 2. HP: 17/23 MP: 5/5
   791 | D:2      | Noticed Natasha
   803 | D:2      | Slain by Natasha

Illustrated notes

Levels and vault maps discovered:
D:1:      dpeg_arrival_long_road, layout_basic, hangedman_decor_riveting,
          minmay_tetromino_t2
D:2:      layout_rooms, uniq_natasha

Action                   || total
-------------------------++-------
Melee: Unarmed           ||    50
       Kick              ||     8
       Headbutt          ||     7
       Tailslap          ||     7
       Punch             ||     2
 Cast: Beastly Appendage ||    17
 Stab: Sleeping          ||     1
Armor: Skin              ||    16
Dodge: Dodged            ||    33

Table legend: (Time is in decaauts)
 A = Elapsed time spent in this place.
 B = Non-inter-level travel time spent in this place.
 C = Inter-level travel time spent in this place.
 D = Time resting spent in this place.
 E = Time spent auto-exploring this place.
 F = Levels seen in this place.
 G = Mean time per level.
                   A        B        C        D        E       F      G
               +--------+--------+--------+--------+--------+-----+--------+
         Total |    799 |    758 |     41 |      0 |    625 |   2 |  399.5 |
       Dungeon |    799 |    758 |     41 |      0 |    625 |   2 |  399.5 |
               +--------+--------+--------+--------+--------+-----+--------+

Top non-repeatable levels by time:
     D:1: 736 daAuts
     D:2: 63 daAuts
